 Dungeon Crawl Stone Soup version 0.21-a0-529-g8c7b3f5 (webtiles) character file.

2190 slep the Chopper (level 9, -6/60 HPs)
             Began as a Demonspawn Gladiator on Dec 10, 2017.
             Mangled by an ogre
             ... wielding a +0 giant club
              (19 damage)
             ... on level 7 of the Dungeon.
             The game lasted 00:23:17 (5238 turns).

slep the Chopper (Demonspawn Gladiator)             Turns: 5238, Time: 00:23:17

Health: -6/60      AC: 13    Str: 22      XL:     9   Next: 12%
Magic:  0/9        EV: 11    Int:  8 (9)  God:
Gold:   312        SH:  8    Dex: 15      Spells: 8/8 levels left

rFire    + . .     SeeInvis .   a - +0 war axe
rCold    + . .     Gourm    .   z - -1 shield
rNeg     . . .     Faith    +   N - +2 ring mail {rF+}
rPois    +         Spirit   +   (helmet unavailable)
rElec    .         Reflect  .   B - +1 cloak
rCorr    .         Harm     .   E - +0 pair of gloves
MR       .....                  (no boots)
Stlth    +.........             h - amulet of faith
HPRegen  0.20/turn              t - +2 ring of protection
MPRegen  0.11/turn              I - +4 ring of strength

@: no status effects
A: horns 3, molten scales 2, cold resistance 1, deformed body, deterioration 1,
frail 1, poison resistance, wild magic 1, magic shield
a: no special abilities


You were on level 7 of the Dungeon.
You were not hungry.

You visited 1 branch of the dungeon, and saw 7 of its levels.
You also visited: Sewer and Ossuary.

You collected 351 gold pieces.
You spent 39 gold pieces at shops.

Inventory:

Hand Weapons
 a - a +0 war axe (weapon)
 H - the +3 flail of Iliukhadd {vamp, *Noise rPois Str+3 SInv, unknown}
   (You found it in a sewer)

   It inflicts no extra harm, but heals its wielder when it wounds a living foe.
   It affects your strength (+3).
   It protects you from poison.
   It lets you see invisible.
   It may make noises in combat.
Missiles
 d - 4 throwing nets
 g - 6 tomahawks (quivered)
Armour
 b - a +0 leather armour
 c - a +0 helmet
 s - a +0 leather armour
 z - a -1 shield (worn)
 B - a +1 cloak (worn)
 D - the +1 robe of Seapp {rPois MP+9}
   (You found it on level 6 of the Dungeon)

   It protects you from poison.
   It affects your magic capacity (+9).
 E - a +0 pair of gloves (worn)
 L - a +0 troll leather armour {Purgy}
 N - a +2 ring mail of fire resistance (worn)
Jewellery
 h - an amulet of faith (around neck)
 t - a +2 ring of protection (left hand)
 I - a +4 ring of strength (right hand)
Wands
 M - a wand of disintegration (12)
Scrolls
 j - a scroll of enchant weapon {unknown}
 k - a scroll of remove curse
 m - 11 scrolls of identify
 o - 4 scrolls of teleportation
 q - 2 scrolls of amnesia
 r - a scroll of enchant armour {unknown}
 u - a scroll of fog {unknown}
 v - 2 scrolls of magic mapping {unknown}
 y - 2 scrolls of fear
Potions
 e - a potion of flight
 i - 12 potions of curing {unknown}
 n - a potion of heal wounds
 p - 3 potions of degeneration {unknown}
 w - a potion of berserk rage
 x - 2 potions of agility {unknown}
 C - 3 potions of haste {unknown}
 G - a potion of magic {unknown}
 J - a potion of lignification {unknown}
Books
 A - a book of Debilitation

   Spells                             Type                      Level
   a - Corona                         Hexes                        1
   b - Slow                           Hexes                        2
   c - Inner Flame                    Hexes/Fire                   3
   d - Portal Projectile              Hexes/Translocation          3
   e - Cause Fear                     Hexes                        4
   f - Leda's Liquefaction            Hexes/Earth                  4
Comestibles
 f - 6 bread rations
 l - 5 royal jellies
 F - a meat ration
 K - 5 chunks of flesh


   Skills:
 + Level 4.8 Fighting
 + Level 7.9 Axes
 + Level 2.1 Throwing
 + Level 3.8 Armour
 + Level 5.1 Dodging
 + Level 2.3 Stealth
 + Level 2.3 Shields


You had 8 spell levels left.
You didn't know any spells.

Dungeon Overview and Level Annotations

Branches:
Dungeon (7/15)             Temple (0/1) D:6

Altars:
Ashenzari
Cheibriados
Dithmenos
Elyvilon
Kikubaaqudgha
Nemelex Xobeh
Qazlal
Sif Muna
Trog
Uskayaw
The Shining One

Shops:
D:5 }?   D:6 %


Innate Abilities, Weirdness & Mutations

You have a pair of large horns on your head.
You are mostly covered in molten scales. (AC +3)
Your flesh is cold resistant. (rC+)
When hurt, damage is shared between your health and your magic reserves.
Armour fits poorly on your strangely shaped body.
Your body sometimes deteriorates upon taking damage.
You are frail. (-10% HP)
Your system is resistant to poisons. (rPois)
Your spells are a little harder to cast, but a little more powerful.


Message History

You barely miss the ogre.
The ogre is lightly wounded.
You block the ogre's attack.
You barely miss the ogre.
The ogre is lightly wounded.
The ogre hits you with a giant club!
Your shield and ring mail prevent you from hitting the ogre.
You headbutt the ogre!
The ogre is moderately wounded.
The ogre hits you with a giant club!!
* * * LOW HITPOINT WARNING * * *
Your body deteriorates!
You feel dopey.
You hit the ogre.
You headbutt the ogre, but do no damage.
The ogre is heavily wounded.
The ogre closely misses you.
You hit the ogre but do no damage. You headbutt the ogre!
The ogre is almost dead.
The ogre hits you with a giant club!!
You die...

..+...........##...#...(.#####
.##...##.......#...#....(....#
.#######.......#...#.........#
.. #........#...#.....)...#
### #...##..######.........#
..#. .#...##..# ###.......#
..#...#...#.### #.......#
..#...#...######## #.......#
..# ..#...# #÷÷.@#####.......#
..# #.###.# #%§O#..#.........#
#####.###.###%.%###.÷.########
#..........##### ##.##
'...........# ###
##'##..###### ....#).###..##
....#........# ....#.......##


You could see an ogre.

Vanquished Creatures
  Sigmund (D:4)
  2 hungry ghosts
  An orc warrior (D:6)
  Purgy (Sewer)
  A black bear (D:7)
  2 ogres
  A sky beast (D:5)
  2 centaurs (D:7)
  A bullfrog (D:7)
  A scorpion (D:7)
  2 howler monkeys (D:6)
  3 crimson imps
  4 hounds
  3 orc wizards
  An orc priest (D:3)
  A bullfrog skeleton (D:6)
  3 iguanas
  5 worker ants
  7 big kobold zombies (Ossuary)
  A mummy (Ossuary)
  A worker ant zombie (D:6)
  3 adders
  A river rat (D:6)
  An adder skeleton (D:6)
  A worm (D:5)
  2 dart slugs (D:1)
  4 leopard geckos
  11 orcs
  7 spectral bats (Ossuary)
  13 giant cockroaches
  5 gnoll zombies (Ossuary)
  5 goblins
  6 hobgoblins
  4 kobolds
  A quokka (D:4)
  2 ball pythons
  16 bats
  A bat simulacrum (Ossuary)
  9 frilled lizards
  3 goblin simulacra (Ossuary)
  4 goblin zombies (Ossuary)
  8 hobgoblin zombies (Ossuary)
  A kobold simulacrum (Ossuary)
  4 kobold zombies (Ossuary)
  2 orc zombies (Ossuary)
  A quokka zombie (D:6)
  8 rats
  4 rat simulacra (Ossuary)
  A spectral goblin (Ossuary)
  3 spectral kobolds (Ossuary)
  3 spectral rats (Ossuary)
178 creatures vanquished.

Notes
Turn   | Place    | Note
-------+----------+-------------------------------------------
     0 | D:1      | slep the Demonspawn Gladiator began the quest for the Orb.
     0 | D:1      | Reached XP level 1. HP: 16/16 MP: 1/1
    68 | D:1      | Reached skill level 3 in Axes
    68 | D:1      | Gained mutation: You have a pair of small horns on your head. [demonic ancestry]
    68 | D:1      | Reached XP level 2. HP: 17/22 MP: 2/2
   313 | D:1      | HP: 1/22 [dart slug (1)]
   315 | D:1      | Gained mutation: When hurt, damage is shared between your health and your magic reserves. [demonic ancestry]
   315 | D:1      | Reached XP level 3. HP: 1/27 MP: 3/3
   553 | D:2      | Found a white marble altar of Elyvilon.
   915 | D:2      | Found a hide-covered altar of Uskayaw.
   984 | D:2      | Gained mutation: You have a pair of horns on your head. [demonic ancestry]
   984 | D:2      | Reached XP level 4. HP: 28/34 MP: 4/4
  1101 | D:3      | Found a shadowy altar of Dithmenos.
  1105 | D:3      | Reached skill level 1 in Armour
  1267 | D:3      | Noticed an ogre
  1276 | D:3      | Killed an ogre
  1276 | D:3      | Reached skill level 4 in Axes
  1276 | D:3      | Gained mutation: You are partially covered in molten scales. (AC +2) [demonic ancestry]
  1276 | D:3      | Reached XP level 5. HP: 38/39 MP: 5/5
  1656 | D:4      | Noticed Sigmund
  1659 | D:4      | Gained mutation: You are frail. (-10% HP) [potion of mutation]
  1659 | D:4      | Gained mutation: Your spells are a little easier to cast, but a little less powerful. [potion of mutation]
  1659 | D:4      | Gained mutation: Your flesh is cold resistant. (rC+) [potion of mutation]
  1659 | D:4      | Gained mutation: You possess an exceptional clarity of mind. [potion of mutation]
  1673 | D:4      | Killed Sigmund
  1673 | D:4      | Reached skill level 1 in Stealth
  1673 | D:4      | Reached XP level 6. HP: 27/42 MP: 4/6
  2266 | D:4      | Reached skill level 5 in Axes
  2517 | D:5      | Entered Level 5 of the Dungeon
  2517 | D:5      | Noticed a hungry ghost
  2543 | D:5      | Killed a hungry ghost
  2543 | D:5      | Mutation became permanent: Your flesh is cold resistant. (rC+) [demonic ancestry]
  2543 | D:5      | Gained mutation: Your flesh is cold resistant. (rC+) [demonic ancestry]
  2543 | D:5      | Reached XP level 7. HP: 37/46 MP: 7/7
  2715 | D:5      | Found Vaiwogom's Gadget Boutique.
  2937 | D:5      | Found a sand-covered staircase.
  2942 | Ossuary  | Entered an ossuary
  3173 | Ossuary  | Lost mutation: You possess an exceptional clarity of mind. [potion of mutation]
  3173 | Ossuary  | Lost mutation: Your spells are a little easier to cast, but a little less powerful. [potion of mutation]
  3173 | Ossuary  | Gained mutation: You have a pair of large horns on your head. [potion of mutation]
  3173 | Ossuary  | Gained mutation: Armour fits poorly on your strangely shaped body. [potion of mutation]
  3173 | Ossuary  | Gained mutation: Your spells are a little harder to cast, but a little more powerful. [potion of mutation]
  3229 | Ossuary  | Reached skill level 6 in Axes
  3356 | D:5      | Found Wuolaoq's Magic Scroll Boutique.
  3369 | D:5      | Bought a scroll of teleportation for 39 gold pieces
  3535 | D:5      | Gained mutation: Your system is resistant to poisons. (rPois) [mutagenic meat]
  3538 | D:5      | Gained mutation: Your body sometimes deteriorates upon taking damage. [mutagenic meat]
  3649 | D:5      | Found a snail-covered altar of Cheibriados.
  3655 | D:5      | Found an ancient bone altar of Kikubaaqudgha.
  3656 | D:5      | Found a glowing golden altar of the Shining One.
  3656 | D:5      | Found a shattered altar of Ashenzari.
  3656 | D:5      | Found a deep blue altar of Sif Muna.
  3658 | D:5      | Found a sparkling altar of Nemelex Xobeh.
  3661 | D:5      | Found a stormy altar of Qazlal.
  3736 | D:6      | Got a fabulously ornate robe
  3747 | D:6      | Reached XP level 8. HP: 45/54 MP: 6/8
  3841 | D:6      | Reached skill level 1 in Shields
  3882 | D:6      | Found a staircase to the Ecumenical Temple.
  4074 | D:6      | Reached skill level 7 in Axes
  4243 | D:6      | Found a bloodstained altar of Trog.
  4261 | D:6      | Found a glowing drain.
  4322 | Sewer    | Entered a sewer
  4548 | Sewer    | Got an iridescent flail
  4565 | Sewer    | Noticed Purgy
  4573 | Sewer    | Killed Purgy
  4695 | D:6      | Found Temun's Food Shoppe.
  4956 | D:7      | Reached skill level 5 in Dodging
  4956 | D:7      | Gained mutation: You are mostly covered in molten scales. (AC +3) [demonic ancestry]
  4956 | D:7      | Reached XP level 9. HP: 10/59 MP: 1/9
  5163 | D:7      | Identified the cursed +1 robe of Seapp {rPois MP+9} (You found it on level 6 of the Dungeon)
  5238 | D:7      | Mangled by an ogre

Vault maps used:
D:1:      scummos_arrival_checkerplants
D:2:      overflow_temple_1_default, marbit_many_paths, first_bread
D:3:      grunt_dithmenos_smoke
D:4:      uniq_sigmund
D:5:      minitemple, serial_shops, shop, nicolae_shop_crystal, enter_ossuary_2,
          grunt_ministairs_7, kennysheep_generic_room_12
D:6:      lemuel_doored_altar, minmay_temple_entry_from_below_b,
          portal_sewer_entry_b, serial_shops, nicolae_shop_window_shopping,
          kennysheep_small_circle
D:7:      hex_tiny, grunt_ogre_cave
Sewer:    kennysheep_door_sewer
Ossuary:  ossuary_zaba_two_paths

Skill      XL: |  1  2  3  4  5  6  7  8 |
---------------+-------------------------+-----
Axes           | 3 4 5 6 7 |  7.9
Dodging        | 3 4 5 |  5.1
Throwing       | 2 |  2.1
Armour         | 1 2 3 |  3.8
Fighting       | 3 4 |  4.8
Stealth        | 1 2 |  2.3
Shields        | 2 |  2.3

Action                   |  1- 3 |  4- 6 |  7- 9 || total
-------------------------+-------+-------+-------++-------
Melee: War axe           |    95 |   112 |   310 ||   517
       Headbutt          |    13 |    17 |    66 ||    96
Throw: Tomahawk          |    14 |       |       ||    14
  Use: Potion            |       |     3 |     1 ||     4
       Scroll            |       |       |     5 ||     5
 Stab: Sleeping          |     1 |     1 |     6 ||     8
  Eat: Chunk             |       |     5 |    15 ||    20
       Fruit             |       |       |     3 ||     3
Armor: Leather armour    |    41 |    39 |   116 ||   196
       Ring mail         |       |       |     1 ||     1
Dodge: Dodged            |    77 |    97 |   179 ||   353
Block: Shield            |       |       |   119 ||   119

Table legend:
 A = Spawn XP
 B = Non-spawn XP
 C = Spawn XP percentage of total XP
 D = Spawn monster count
 E = Non-spawn monster count
 F = Spawn count percentage of total count
 G = Total turns spent on level
                    A         B        C        D         E        F      G
               +---------+---------+-------+---------+---------+-------+---------
         Total |       0 |    3129 |   0.0 |       0 |     178 |   0.0 |  5238
               +---------+---------+-------+---------+---------+-------+---------
           D:1 |       0 |      42 |   0.0 |       0 |      26 |   0.0 |   499
           D:2 |       0 |      55 |   0.0 |       0 |      18 |   0.0 |   602
           D:3 |       0 |     199 |   0.0 |       0 |      21 |   0.0 |   521
           D:4 |       0 |     321 |   0.0 |       0 |      11 |   0.0 |   895
           D:5 |       0 |     515 |   0.0 |       0 |       8 |   0.0 |   862
           D:6 |       0 |     792 |   0.0 |       0 |      24 |   0.0 |   860
           D:7 |       0 |     809 |   0.0 |       0 |      10 |   0.0 |   364
         Sewer |       0 |     134 |   0.0 |       0 |       6 |   0.0 |   280
       Ossuary |       0 |     262 |   0.0 |       0 |      54 |   0.0 |   355
               +---------+---------+-------+---------+---------+-------+---------
